Oilers vs Flyers
(R1)
Created - March 19, 2021 at 19:04
Goals
|
Oilers |
2 |
1 |
0 |
3 |
Flyers |
0 |
0 |
1 |
1 |
|
Shots
|
Oilers |
16 |
11 |
13 |
40 |
Flyers |
10 |
3 |
11 |
24 |
|
1st period
1. Oilers , Connor McDavid 25 (Tyler Toffoli 34) at 7:29 (PP)
2. Oilers , Peter Mueller 15 (Tyler Toffoli 35, Denis Grebeshkov 12) at 10:01
Penalties :
Jacob Trouba (Phi) for Interference (Minor) at 7:13, Jordan Nolan (Phi) for Tripping (Minor) at 11:24, Denis Grebeshkov (EDM) for Holding (Minor) at 12:02, Jeff Carter (Phi) for Hooking (Minor) at 14:43
2nd period
3. Oilers , Connor McDavid 26 (Denis Grebeshkov 13) at 0:49
Penalties :
Phil Kessel (EDM) for High sticking (Minor) at 3:44, Adam Larsson (EDM) for Hooking (Minor) at 6:08, Brian Lashoff (Phi) for Interference (Minor) at 12:15, Sean Bergenheim (EDM) for Goalie Interference (Minor) at 17:01
3rd period
4. Flyers , Jeff Carter 23 (J.T. Miller 27) at 0:04
Penalties :
Erik Christensen (Phi) for Roughing (Minor) at 5:12, Chris Mcallister (Phi) for Holding (Minor) at 13:54, James Neal (EDM) for Hooking (Minor) at 17:30, Jeff Woywitka (Phi) for Goalie Interference (Minor) at 19:21
Goalie Stats
James Reimer (EDM), 23 saves from 24 shots - (0.958), W, 27-17-7, 60:00 minutes
Steve Mason (Phi), 37 saves from 40 shots - (0.925), L, 23-25-6, 60:00 minutes
Players Stats for Oilers
Player Name G A P +/- PIM S H SB GA TA FO MP PP MP PK MP
------------------------------------------------------------------------------------
Adam Larsson 0 0 0 0 2 2 3 1 0 0 0/0 25:05 4:11 2:46
Connor McDavid 2 0 2 1 0 3 2 1 0 1 8/15 15:20 5:07 0:34
Darnell Nurse 0 0 0 0 0 2 0 1 0 2 0/0 18:54 0:00 5:11
Denis Grebeshkov 0 2 2 0 2 1 2 0 0 1 0/0 24:31 5:38 4:33
James Neal 0 0 0 1 2 2 2 0 1 0 0/0 11:36 0:33 1:37
Jordan Caron 0 0 0 0 0 0 0 0 0 0 0/0 5:44 0:00 0:00
Jordan Eberle 0 0 0 0 0 2 4 0 1 0 1/1 18:04 5:15 0:00
Kevin Porter 0 0 0 0 0 2 1 0 0 0 4/9 10:45 0:00 4:27
Leon Draisaitl 0 0 0 0 0 2 1 0 0 0 6/13 15:33 3:40 0:00
Oscar Klefbom 0 0 0 1 0 4 0 0 0 2 0/0 15:52 3:41 0:22
Peter Mueller 1 0 1 0 0 3 3 0 1 0 9/19 16:14 0:00 2:29
Phil Kessel 0 0 0 0 2 2 0 1 0 0 1/1 15:44 3:40 0:00
Rasmus Ristolainen 0 0 0 0 0 3 3 0 0 0 0/0 22:35 5:09 0:45
Riley Sheahan 0 0 0 1 0 0 1 0 0 0 0/0 14:02 0:25 4:33
Sean Bergenheim 0 0 0 0 2 2 1 1 1 0 0/1 10:21 0:25 1:47
Taylor Hall 0 0 0 0 0 4 4 1 1 1 0/1 15:33 3:40 0:00
Tobias Enstrom 0 0 0 1 0 0 1 0 1 0 0/0 13:26 0:00 3:15
Tyler Toffoli 0 2 2 0 0 6 2 0 2 0 0/0 20:41 5:15 1:25
Players Stats for Flyers
Player Name G A P +/- PIM S H SB GA TA FO MP PP MP PK MP
------------------------------------------------------------------------------------
Brian Lashoff 0 0 0 0 2 0 0 1 0 0 0/0 9:51 0:00 0:00
Brock Nelson 0 0 0 0 0 0 1 0 1 0 1/1 6:16 0:00 1:55
Chris Mcallister 0 0 0 -2 2 2 0 0 0 0 0/0 13:29 0:00 1:17
Drew Miller 0 0 0 0 0 2 0 0 0 0 0/0 15:50 3:58 0:14
Dylan Olsen 0 0 0 0 0 0 0 0 0 0 0/0 2:12 0:00 0:17
Erik Christensen 0 0 0 -2 2 2 2 0 0 0 4/8 12:43 0:00 0:15
J.T. Miller 0 1 1 1 0 2 2 1 0 0 1/3 23:21 4:28 5:10
Jacob Trouba 0 0 0 -1 2 0 2 1 0 1 0/0 21:34 3:30 3:27
Jakub Voracek 0 0 0 1 0 4 2 0 0 0 5/5 19:39 4:26 2:26
Jeff Carter 1 0 1 1 2 5 3 1 0 1 13/28 25:54 4:20 4:00
Jeff Woywitka 0 0 0 -1 2 0 0 3 0 1 0/0 20:56 3:29 2:57
Jonathan Ericsson 0 0 0 0 0 0 0 3 0 2 0/0 26:48 4:56 5:53
Jordan Nolan 0 0 0 0 2 2 1 0 1 0 4/10 18:30 4:00 3:23
Marcus Kruger 0 0 0 -2 0 2 2 1 1 0 1/1 13:43 0:08 0:00
Matt Smaby 0 0 0 0 0 0 1 1 1 1 0/0 28:04 4:56 5:36
Matthew Lombardi 0 0 0 0 0 0 1 0 0 1 2/3 4:05 0:00 0:00
Nathan Beaulieu 0 0 0 0 0 0 0 0 0 1 0/0 10:33 0:00 0:30
Niclas Bergfors 0 0 0 0 0 3 0 2 3 0 0/1 15:36 3:58 0:00
3 Stars
1 - Connor McDavid (EDM)
2 - James Reimer (EDM)
3 - Peter Mueller (EDM)
Power Play
Oilers - 1 on 7 Attempt(s) - 14.29%
Flyers - 0 on 5 Attempt(s) - 0.00%
Penalty Kill
Oilers - 5 on 5 Attempt(s) - 100.00%
- Score 0 goal in Penalty Kill
Flyers - 6 on 7 Attempt(s) - 85.71%
- Score 0 goal in Penalty Kill
Team Stat
Oilers - Hits : 30 - Faceoff Wins : 29 - Blocked Shots : 6 - Penalty Minutes : 10
Flyers - Hits : 17 - Faceoff Wins : 31 - Blocked Shots : 14 - Penalty Minutes : 14
Official
Referees : Unknown
Linesman : Unknown
Game Notes
No Game Note
Finance
Level 1 -- Attendance: 3951 (65.85%) -- Ticket Income $493,875
Level 2 -- Attendance: 3541 (70.82%) -- Ticket Income $265,575
Level 3 -- Attendance: 1452 (72.60%) -- Ticket Income $72,600
Level 4 -- Attendance: 2561 (64.03%) -- Ticket Income $102,440
Luxury Box -- Attendance: 692 (69.20%) -- Ticket Income $173,000
Game was played at the Wells Fargo Center.
Total Attendance: 12197 (67.76%)
Total Ticket Income: $1,107,490
Other Income: $166,124
Total Income: $1,273,614
Oilers
5 vs 5 Forward
Center Left Wing Right Wing Time % Phy DF OF
1 Peter Mueller Tyler Toffoli Jordan Eberle 40 1 2 2
2 Leon Draisaitl Taylor Hall Phil Kessel 30 1 2 2
3 Connor McDavid James Neal Riley Sheahan 20 1 2 2
4 Kevin Porter Sean Bergenheim Jordan Caron 10 1 2 2
5 vs 5 Defense
Defense Defense Time % Phy DF OF
1 Rasmus Ristolainen Adam Larsson 40 1 2 2
2 Darnell Nurse Denis Grebeshkov 30 1 2 2
3 Tobias Enstrom Oscar Klefbom 20 1 2 2
4 Denis Grebeshkov Oscar Klefbom 10 1 2 2
PowerPlay Forward
Center Left Wing Right Wing Time % Phy DF OF
1 Connor McDavid Tyler Toffoli Jordan Eberle 60 0 2 3
2 Leon Draisaitl Taylor Hall Phil Kessel 40 0 2 3
PowerPlay Defense
Defense Defense Time % Phy DF OF
1 Denis Grebeshkov Rasmus Ristolainen 60 0 2 3
2 Oscar Klefbom Adam Larsson 40 0 2 3
Penalty Kill 4 Players Forward
Center Wing Time % Phy DF OF
1 Kevin Porter Riley Sheahan 60 0 3 2
2 Peter Mueller Sean Bergenheim 40 0 3 2
Penalty Kill 4 Players Defense
Defense Defense Time % Phy DF OF
1 Darnell Nurse Denis Grebeshkov 60 0 3 2
2 Tobias Enstrom Adam Larsson 40 0 3 2
Penalty Kill - 3 Players Forward
Forward Time % Phy DF OF
1 Sean Bergenheim 60 0 3 2
2 Jordan Eberle 40 0 3 2
Penalty Kill - 3 Players Defense
Defense Defense Time % Phy DF OF
1 Adam Larsson Denis Grebeshkov 60 0 3 2
2 Tobias Enstrom Darnell Nurse 40 0 3 2
4 vs 4 Forward
Center Wing Time % Phy DF OF
1 Connor McDavid Sean Bergenheim 60 1 2 2
2 Peter Mueller Phil Kessel 40 1 2 2
4 vs 4 Defense
Defense Defense Time % Phy DF OF
1 Adam Larsson Denis Grebeshkov 60 1 2 2
2 Rasmus Ristolainen Tobias Enstrom 40 1 2 2
Last Minutes Offensive
Center Left Wing Right Wing Defense Defense
Peter Mueller Tyler Toffoli Jordan Eberle Rasmus Ristolainen Denis Grebeshkov
Last Minutes Defensive
Center Left Wing Right Wing Defense Defense
Peter Mueller Sean Bergenheim Jordan Eberle Adam Larsson Denis Grebeshkov
Goaltenders
Starting : James Reimer
Backup : Jonas Gustavsson
Extra Forwards
Normal : Leon Draisaitl, James Neal, Connor McDavid - PP : Connor McDavid, James Neal - PK : James Neal
Extra Defensemen
Normal : Darnell Nurse, Oscar Klefbom, Rasmus Ristolainen - PP : Darnell Nurse - PK : Oscar Klefbom, Rasmus Ristolainen
Penalty Shots
Connor McDavid, Jordan Eberle, Phil Kessel, Taylor Hall, James Neal
Scratches
Stephane Da Costa (Healthy), Nikolai Kulemin (Healthy), Mike Smith (Healthy)
Flyers
5 vs 5 Forward
Center Left Wing Right Wing Time % Phy DF OF
1 Jeff Carter J.T. Miller Jakub Voracek 40 1 2 2
2 Jordan Nolan Drew Miller Niclas Bergfors 30 1 2 2
3 Erik Christensen Chris Mcallister Marcus Kruger 20 1 2 2
4 Matthew Lombardi Brock Nelson Jeff Carter 10 1 2 2
5 vs 5 Defense
Defense Defense Time % Phy DF OF
1 Matt Smaby Jonathan Ericsson 40 1 2 2
2 Jeff Woywitka Jacob Trouba 30 1 2 2
3 Nathan Beaulieu Brian Lashoff 20 1 2 2
4 Dylan Olsen Matt Smaby 10 1 2 2
PowerPlay Forward
Center Left Wing Right Wing Time % Phy DF OF
1 Jeff Carter J.T. Miller Jakub Voracek 60 1 2 2
2 Jordan Nolan Drew Miller Niclas Bergfors 40 1 2 2
PowerPlay Defense
Defense Defense Time % Phy DF OF
1 Matt Smaby Jonathan Ericsson 60 1 2 2
2 Jeff Woywitka Jacob Trouba 40 1 2 2
Penalty Kill 4 Players Forward
Center Wing Time % Phy DF OF
1 Jeff Carter J.T. Miller 60 1 2 2
2 Jakub Voracek Jordan Nolan 40 1 2 2
Penalty Kill 4 Players Defense
Defense Defense Time % Phy DF OF
1 Matt Smaby Jonathan Ericsson 60 1 2 2
2 Jeff Woywitka Jacob Trouba 40 1 2 2
Penalty Kill - 3 Players Forward
Forward Time % Phy DF OF
1 Jeff Carter 60 1 2 2
2 J.T. Miller 40 1 2 2
Penalty Kill - 3 Players Defense
Defense Defense Time % Phy DF OF
1 Matt Smaby Jonathan Ericsson 60 1 2 2
2 Jeff Woywitka Jacob Trouba 40 1 2 2
4 vs 4 Forward
Center Wing Time % Phy DF OF
1 Jeff Carter J.T. Miller 60 1 2 2
2 Jakub Voracek Jordan Nolan 40 1 2 2
4 vs 4 Defense
Defense Defense Time % Phy DF OF
1 Matt Smaby Jonathan Ericsson 60 1 2 2
2 Jeff Woywitka Jacob Trouba 40 1 2 2
Last Minutes Offensive
Center Left Wing Right Wing Defense Defense
Jeff Carter J.T. Miller Jakub Voracek Matt Smaby Jonathan Ericsson
Last Minutes Defensive
Center Left Wing Right Wing Defense Defense
Jeff Carter J.T. Miller Jakub Voracek Matt Smaby Jonathan Ericsson
Goaltenders
Starting : Steve Mason
Backup : Ray Emery
Extra Forwards
Normal : Marcus Kruger, Chris Mcallister, Brock Nelson - PP : Marcus Kruger, Chris Mcallister - PK : Brock Nelson
Extra Defensemen
Normal : Nathan Beaulieu, Brian Lashoff, Dylan Olsen - PP : Nathan Beaulieu - PK : Brian Lashoff, Dylan Olsen
Penalty Shots
Jeff Carter, J.T. Miller, Jakub Voracek, Jordan Nolan, Niclas Bergfors
Scratches
Tyler Randell (Healthy), Ryan Callahan (Healthy), Victor Bartley (Healthy), Ilya Sorokin (Healthy)
% Time on Ice - Oilers
Lines # - Real PCT - Wanted PCT - Time Play
Normal Forward
1 - 33% - 40% - 13:28
2 - 32% - 30% - 13:10
3 - 21% - 20% - 8:23
4 - 14% - 10% - 5:44
Normal Defense
1 - 41% - 40% - 16:50
2 - 30% - 30% - 12:03
3 - 25% - 20% - 10:00
4 - 5% - 10% - 1:52
PP Forward
1 - 61% - 60% - 5:40
2 - 39% - 40% - 3:40
PP Defense
1 - 61% - 60% - 5:39
2 - 39% - 40% - 3:41
PK Forward
1 - 71% - 60% - 5:57
2 - 29% - 40% - 2:29
PK Defense
1 - 61% - 60% - 5:11
2 - 39% - 40% - 3:15
PK3 Forward
1 - 0% - 60%
2 - 0% - 40%
PK3 Defense
1 - 0% - 60%
2 - 0% - 40%
44 Forward
1 - 88% - 60% - 1:18
2 - 12% - 40% - 0:11
44 Defense
1 - 88% - 60% - 1:18
2 - 12% - 40% - 0:11
Last Minute Offensive - 0:00
Last Minute Defensive - 0:00
Total
Forward - 60:00
Defense - 60:00
|
% Time on Ice - Flyers
Lines # - Real PCT - Wanted PCT - Time Play
Normal Forward
1 - 31% - 40% - 12:50
2 - 29% - 30% - 11:38
3 - 30% - 20% - 12:12
4 - 10% - 10% - 4:05
Normal Defense
1 - 37% - 40% - 15:00
2 - 35% - 30% - 14:08
3 - 24% - 20% - 9:42
4 - 5% - 10% - 1:55
PP Forward
1 - 53% - 60% - 4:28
2 - 47% - 40% - 3:58
PP Defense
1 - 58% - 60% - 4:56
2 - 42% - 40% - 3:30
PK Forward
1 - 74% - 60% - 6:54
2 - 26% - 40% - 2:26
PK Defense
1 - 63% - 60% - 5:53
2 - 37% - 40% - 3:27
PK3 Forward
1 - 0% - 60%
2 - 0% - 40%
PK3 Defense
1 - 0% - 60%
2 - 0% - 40%
44 Forward
1 - 82% - 60% - 1:13
2 - 18% - 40% - 0:16
44 Defense
1 - 66% - 60% - 0:59
2 - 34% - 40% - 0:30
Last Minute Offensive - 0:00
Last Minute Defensive - 0:00
Total
Forward - 60:00
Defense - 60:00
|
Play-by-Play
1st period
0:01 of 1st period - Peter Mueller wins face-off versus Jeff Carter in neutral zone.
0:08 of 1st period - Slapshot by Tyler Toffoli.
0:08 of 1st period - Stopped by Steve Mason with a rebound.
0:30 of 1st period - Wrist shot by Chris Mcallister.
0:30 of 1st period - Stopped by James Reimer without a rebound.
0:31 of 1st period - Leon Draisaitl wins face-off versus Erik Christensen in Oilers zone.
1:04 of 1st period - Slapshot by Niclas Bergfors.
1:04 of 1st period - Shot Misses the Net.
1:20 of 1st period - Darnell Nurse is hit by Jacob Trouba and loses puck.
1:43 of 1st period - Snap shot by Jordan Nolan.
1:43 of 1st period - Stopped by James Reimer with a rebound.
1:45 of 1st period - Wrist shot by Drew Miller.
1:45 of 1st period - Shot Hit the Post.
2:03 of 1st period - Snap shot by Jordan Nolan.
2:03 of 1st period - Shot Misses the Net.
2:05 of 1st period - Snap shot by Drew Miller.
2:05 of 1st period - Deflect By Riley Sheahan.
2:05 of 1st period - Stopped by James Reimer without a rebound.
2:06 of 1st period - Peter Mueller wins face-off versus Jeff Carter in Oilers zone.
2:06 of 1st period - Peter Mueller is hit by Jeff Carter.
2:14 of 1st period - Snap shot by Peter Mueller.
2:14 of 1st period - Shot Blocked by Jonathan Ericsson.
2:16 of 1st period - Slapshot by Oscar Klefbom.
2:16 of 1st period - Deflect By Tyler Toffoli.
2:16 of 1st period - Stopped by Steve Mason without a rebound.
2:17 of 1st period - Jeff Carter wins face-off versus Leon Draisaitl in Flyers zone.
2:44 of 1st period - Chris Mcallister is hit by Tyler Toffoli and loses puck.
2:54 of 1st period - Icing by Jordan Eberle.
2:55 of 1st period - Peter Mueller wins face-off versus Jeff Carter in Oilers zone.
3:00 of 1st period - J.T. Miller is hit by Jordan Eberle and loses puck.
3:33 of 1st period - Slapshot by Rasmus Ristolainen.
3:33 of 1st period - Stopped by Steve Mason without a rebound.
3:34 of 1st period - Matthew Lombardi wins face-off versus Leon Draisaitl in Flyers zone.
4:05 of 1st period - Wrist shot by Tyler Toffoli.
4:05 of 1st period - Stopped by Steve Mason with a rebound.
5:47 of 1st period - Wrist shot by Kevin Porter.
5:47 of 1st period - Stopped by Steve Mason with a rebound.
5:49 of 1st period - Slapshot by Tobias Enstrom.
5:49 of 1st period - Shot Hit the Post.
5:51 of 1st period - Slapshot by Oscar Klefbom.
5:51 of 1st period - Stopped by Steve Mason without a rebound.
5:52 of 1st period - Phil Kessel wins face-off versus J.T. Miller in Flyers zone.
6:01 of 1st period - Snap shot by Leon Draisaitl.
6:01 of 1st period - Shot Misses the Net.
6:15 of 1st period - Slapshot by Tyler Toffoli.
6:15 of 1st period - Stopped by Steve Mason with a rebound.
7:13 of 1st period - Minor Penalty to Jacob Trouba for Interference.
7:14 of 1st period - Connor McDavid wins face-off versus Jeff Carter in Flyers zone.
7:29 of 1st period - Wrist shot by Connor McDavid.
7:29 of 1st period - Goal by Connor McDavid - Oilers : 1 - Flyers : 0.
7:30 of 1st period - Jakub Voracek wins face-off versus Peter Mueller in neutral zone.
8:17 of 1st period - Icing by Riley Sheahan.
8:18 of 1st period - Erik Christensen wins face-off versus Leon Draisaitl in Oilers zone.
8:19 of 1st period - Wrist shot by Marcus Kruger.
8:19 of 1st period - Stopped by James Reimer without a rebound.
8:20 of 1st period - Leon Draisaitl wins face-off versus Erik Christensen in Oilers zone.
8:25 of 1st period - Wrist shot by Taylor Hall.
8:25 of 1st period - Shot Misses the Net.
9:11 of 1st period - Denis Grebeshkov is hit by Jeff Carter and loses puck.
9:30 of 1st period - Jeff Woywitka is hit by Riley Sheahan and loses puck.
9:35 of 1st period - Wrist shot by Connor McDavid.
9:35 of 1st period - Stopped by Steve Mason with a rebound.
10:01 of 1st period - Snap shot by Peter Mueller.
10:01 of 1st period - Goal by Peter Mueller - Oilers : 2 - Flyers : 0.
10:02 of 1st period - Jeff Carter wins face-off versus Peter Mueller in neutral zone.
10:15 of 1st period - J.T. Miller is hit by Jordan Eberle.
10:16 of 1st period - Icing by J.T. Miller.
10:17 of 1st period - Leon Draisaitl wins face-off versus Jeff Carter in Flyers zone.
10:36 of 1st period - Adam Larsson is hit by Jakub Voracek and loses puck.
10:43 of 1st period - Wrist shot by Jakub Voracek.
10:43 of 1st period - Shot Misses the Net.
10:45 of 1st period - Slapshot by J.T. Miller.
10:45 of 1st period - Shot Blocked by Phil Kessel.
10:47 of 1st period - Snap shot by Jeff Carter.
10:47 of 1st period - Stopped by James Reimer with a rebound.
10:51 of 1st period - Snap shot by Jakub Voracek.
10:51 of 1st period - Stopped by James Reimer without a rebound.
10:52 of 1st period - Jordan Nolan wins face-off versus Peter Mueller in Oilers zone.
10:59 of 1st period - Snap shot by Jordan Nolan.
10:59 of 1st period - Stopped by James Reimer without a rebound.
11:00 of 1st period - Peter Mueller wins face-off versus Niclas Bergfors in Oilers zone.
11:15 of 1st period - Snap shot by Peter Mueller.
11:15 of 1st period - Stopped by Steve Mason with a rebound.
11:17 of 1st period - Slapshot by Darnell Nurse.
11:17 of 1st period - Stopped by Steve Mason with a rebound.
11:24 of 1st period - Minor Penalty to Jordan Nolan for Tripping.
11:25 of 1st period - Connor McDavid wins face-off versus Jeff Carter in Flyers zone.
11:33 of 1st period - Wrist shot by Connor McDavid.
11:33 of 1st period - Shot Misses the Net.
11:35 of 1st period - Snap shot by Jordan Eberle.
11:35 of 1st period - Shot Blocked by Jonathan Ericsson.
11:37 of 1st period - Slapshot by Tyler Toffoli.
11:37 of 1st period - Stopped by Steve Mason without a rebound.
11:38 of 1st period - Connor McDavid wins face-off versus J.T. Miller in Flyers zone.
11:41 of 1st period - Wrist shot by Tyler Toffoli.
11:41 of 1st period - Shot Misses the Net.
11:51 of 1st period - Snap shot by Rasmus Ristolainen.
11:51 of 1st period - Stopped by Steve Mason without a rebound.
11:52 of 1st period - Jeff Carter wins face-off versus Connor McDavid in Flyers zone.
11:52 of 1st period - Jeff Carter is hit by Tyler Toffoli.
12:00 of 1st period - Slapshot by Matt Smaby.
12:00 of 1st period - Shot Misses the Net.
12:02 of 1st period - Minor Penalty to Denis Grebeshkov for Holding.
12:03 of 1st period - Jeff Carter wins face-off versus Connor McDavid in Oilers zone.
12:04 of 1st period - Slapshot by J.T. Miller.
12:04 of 1st period - Shot Misses the Net.
12:45 of 1st period - Snap shot by Jakub Voracek.
12:45 of 1st period - Stopped by James Reimer without a rebound.
12:46 of 1st period - Jakub Voracek wins face-off versus Connor McDavid in Oilers zone.
12:49 of 1st period - Slapshot by Jakub Voracek.
12:49 of 1st period - Shot Misses the Net.
12:51 of 1st period - Slapshot by Jacob Trouba.
12:51 of 1st period - Shot Blocked by Sean Bergenheim.
12:53 of 1st period - Snap shot by Jeff Woywitka.
12:53 of 1st period - Deflect By Jakub Voracek.
12:53 of 1st period - Shot Misses the Net.
12:53 of 1st period - Puck is out of play.
12:54 of 1st period - Jeff Carter wins face-off versus Connor McDavid in Oilers zone.
13:07 of 1st period - Snap shot by J.T. Miller.
13:07 of 1st period - Stopped by James Reimer without a rebound.
13:08 of 1st period - Connor McDavid wins face-off versus Jeff Carter in Oilers zone.
13:24 of 1st period - Penalty to Jordan Nolan is over, Jordan Nolan is back on ice.
14:02 of 1st period - Penalty to Denis Grebeshkov is over, Denis Grebeshkov is back on ice.
14:23 of 1st period - Off-side.
14:24 of 1st period - Matthew Lombardi wins face-off versus Leon Draisaitl in neutral zone.
14:41 of 1st period - Slapshot by Taylor Hall.
14:41 of 1st period - Stopped by Steve Mason with a rebound.
14:43 of 1st period - Minor Penalty to Jeff Carter for Hooking.
14:44 of 1st period - Brock Nelson wins face-off versus Connor McDavid in Flyers zone.
14:44 of 1st period - Brock Nelson is hit by Jordan Eberle.
14:58 of 1st period - Slapshot by Tyler Toffoli.
14:58 of 1st period - Shot Hit the Post.
15:00 of 1st period - Snap shot by Tyler Toffoli.
15:00 of 1st period - Shot Blocked by J.T. Miller.
15:39 of 1st period - Jeff Woywitka is hit by Rasmus Ristolainen and loses puck.
16:38 of 1st period - Jonathan Ericsson is hit by Adam Larsson and loses puck.
16:43 of 1st period - Penalty to Jeff Carter is over, Jeff Carter is back on ice.
16:51 of 1st period - Matt Smaby is hit by Sean Bergenheim and loses puck.
16:58 of 1st period - Snap shot by Kevin Porter.
16:58 of 1st period - Stopped by Steve Mason with a rebound.
18:43 of 1st period - Brian Lashoff is hit by Connor McDavid.
19:03 of 1st period - Jeff Carter is hit by Kevin Porter and loses puck.
19:37 of 1st period - Erik Christensen is hit by Taylor Hall and loses puck.
19:46 of 1st period - Leon Draisaitl is hit by Marcus Kruger and loses puck.
19:51 of 1st period - Snap shot by Erik Christensen.
19:51 of 1st period - Stopped by James Reimer without a rebound.
19:52 of 1st period - Connor McDavid wins face-off versus Jordan Nolan in Oilers zone.
Goals for this period are 2 for Oilers vs 0 for Flyers.
Shots for this period are 16 for Oilers vs 10 for Flyers.
2nd period
0:01 of 2nd period - Jakub Voracek wins face-off versus Peter Mueller in neutral zone.
0:49 of 2nd period - Wrist shot by Connor McDavid.
0:49 of 2nd period - Goal by Connor McDavid - Oilers : 3 - Flyers : 0.
0:50 of 2nd period - Peter Mueller wins face-off versus Jeff Carter in neutral zone.
0:53 of 2nd period - J.T. Miller is hit by Peter Mueller and loses puck.
1:06 of 2nd period - Wrist shot by Jordan Eberle.
1:06 of 2nd period - Stopped by Steve Mason with a rebound.
2:36 of 2nd period - Snap shot by Marcus Kruger.
2:36 of 2nd period - Stopped by James Reimer with a rebound.
2:38 of 2nd period - Wrist shot by Marcus Kruger.
2:38 of 2nd period - Shot Blocked by Taylor Hall.
2:40 of 2nd period - Wrist shot by Chris Mcallister.
2:40 of 2nd period - Shot Blocked by Adam Larsson.
2:55 of 2nd period - Denis Grebeshkov is hit by Jordan Nolan and loses puck.
3:00 of 2nd period - Slapshot by Drew Miller.
3:00 of 2nd period - Shot Misses the Net.
3:15 of 2nd period - J.T. Miller is hit by Jordan Eberle and loses puck.
3:36 of 2nd period - Slapshot by Leon Draisaitl.
3:36 of 2nd period - Stopped by Steve Mason without a rebound.
3:37 of 2nd period - Jordan Nolan wins face-off versus Taylor Hall in Flyers zone.
3:37 of 2nd period - Jordan Nolan is hit by Leon Draisaitl.
3:44 of 2nd period - Minor Penalty to Phil Kessel for High sticking.
3:45 of 2nd period - Kevin Porter wins face-off versus Jeff Carter in Oilers zone.
3:58 of 2nd period - Darnell Nurse is hit by J.T. Miller.
4:10 of 2nd period - Darnell Nurse is hit by Matt Smaby and loses puck.
4:17 of 2nd period - Snap shot by Drew Miller.
4:17 of 2nd period - Shot Blocked by Darnell Nurse.
5:25 of 2nd period - Riley Sheahan is hit by Jeff Carter and loses puck.
5:44 of 2nd period - Penalty to Phil Kessel is over, Phil Kessel is back on ice.
5:54 of 2nd period - Slapshot by Oscar Klefbom.
5:54 of 2nd period - Stopped by Steve Mason without a rebound.
5:55 of 2nd period - Erik Christensen wins face-off versus Leon Draisaitl in Flyers zone.
5:59 of 2nd period - Off-side.
6:00 of 2nd period - Erik Christensen wins face-off versus Peter Mueller in neutral zone.
6:08 of 2nd period - Minor Penalty to Adam Larsson for Hooking.
6:09 of 2nd period - Jeff Carter wins face-off versus Kevin Porter in Oilers zone.
7:17 of 2nd period - Snap shot by Peter Mueller.
7:17 of 2nd period - Shot Blocked by Jacob Trouba.
7:51 of 2nd period - Jakub Voracek is hit by James Neal and loses puck.
8:08 of 2nd period - Penalty to Adam Larsson is over, Adam Larsson is back on ice.
8:20 of 2nd period - Slapshot by Leon Draisaitl.
8:20 of 2nd period - Shot Blocked by Matt Smaby.
8:22 of 2nd period - Backhand shot by Oscar Klefbom.
8:22 of 2nd period - Deflect By Taylor Hall.
8:22 of 2nd period - Shot Blocked by Jonathan Ericsson.
8:22 of 2nd period - Puck is out of play.
8:23 of 2nd period - Erik Christensen wins face-off versus Peter Mueller in Flyers zone.
8:23 of 2nd period - Jacob Trouba is hit by Peter Mueller.
8:33 of 2nd period - Wrist shot by Chris Mcallister.
8:33 of 2nd period - Deflect By Jordan Eberle.
8:33 of 2nd period - Shot Misses the Net.
8:33 of 2nd period - Puck is out of play.
8:34 of 2nd period - Peter Mueller wins face-off versus Jordan Nolan in Oilers zone.
8:48 of 2nd period - Snap shot by Jordan Eberle.
8:48 of 2nd period - Stopped by Steve Mason with a rebound.
8:50 of 2nd period - Snap shot by Darnell Nurse.
8:50 of 2nd period - Stopped by Steve Mason with a rebound.
9:06 of 2nd period - Leon Draisaitl is hit by J.T. Miller and loses puck.
9:21 of 2nd period - Jonathan Ericsson is hit by Adam Larsson and loses puck.
9:41 of 2nd period - Icing by Connor McDavid.
9:42 of 2nd period - Jordan Nolan wins face-off versus Connor McDavid in Oilers zone.
10:03 of 2nd period - Slapshot by James Neal.
10:03 of 2nd period - Shot Blocked by Jeff Carter.
10:05 of 2nd period - Wrist shot by James Neal.
10:05 of 2nd period - Stopped by Steve Mason without a rebound.
10:06 of 2nd period - Peter Mueller wins face-off versus Jordan Nolan in Flyers zone.
10:07 of 2nd period - Snap shot by Tyler Toffoli.
10:07 of 2nd period - Stopped by Steve Mason with a rebound.
10:33 of 2nd period - Jakub Voracek is hit by Taylor Hall.
10:37 of 2nd period - Leon Draisaitl is hit by Jacob Trouba.
10:41 of 2nd period - Slapshot by Denis Grebeshkov.
10:41 of 2nd period - Stopped by Steve Mason without a rebound.
10:42 of 2nd period - Jakub Voracek wins face-off versus Leon Draisaitl in Flyers zone.
11:19 of 2nd period - Slapshot by Peter Mueller.
11:19 of 2nd period - Stopped by Steve Mason without a rebound.
11:20 of 2nd period - Leon Draisaitl wins face-off versus Erik Christensen in Flyers zone.
12:15 of 2nd period - Minor Penalty to Brian Lashoff for Interference.
12:16 of 2nd period - Connor McDavid wins face-off versus Jeff Carter in Flyers zone.
12:43 of 2nd period - Jeff Carter is hit by Denis Grebeshkov and loses puck.
14:05 of 2nd period - Phil Kessel is hit by Brock Nelson and loses puck.
14:15 of 2nd period - Penalty to Brian Lashoff is over, Brian Lashoff is back on ice.
14:39 of 2nd period - Slapshot by Jordan Nolan.
14:39 of 2nd period - Shot Misses the Net.
14:41 of 2nd period - Slapshot by Drew Miller.
14:41 of 2nd period - Stopped by James Reimer with a rebound.
15:17 of 2nd period - Darnell Nurse is hit by Matthew Lombardi and loses puck.
15:36 of 2nd period - Slapshot by Connor McDavid.
15:36 of 2nd period - Shot Misses the Net.
16:04 of 2nd period - Erik Christensen is hit by Rasmus Ristolainen and loses puck.
16:25 of 2nd period - J.T. Miller is hit by Taylor Hall and loses puck.
17:01 of 2nd period - Minor Penalty to Sean Bergenheim for Goalie Interference.
17:02 of 2nd period - Jakub Voracek wins face-off versus Kevin Porter in Oilers zone.
17:04 of 2nd period - Snap shot by J.T. Miller.
17:04 of 2nd period - Stopped by James Reimer without a rebound.
17:05 of 2nd period - J.T. Miller wins face-off versus Kevin Porter in Oilers zone.
17:59 of 2nd period - Jacob Trouba is hit by Peter Mueller and loses puck.
18:36 of 2nd period - Niclas Bergfors is hit by Denis Grebeshkov and loses puck.
19:01 of 2nd period - Penalty to Sean Bergenheim is over, Sean Bergenheim is back on ice.
19:12 of 2nd period - Sean Bergenheim is hit by Marcus Kruger and loses puck.
19:57 of 2nd period - Snap shot by Phil Kessel.
19:57 of 2nd period - Stopped by Steve Mason without a rebound.
19:58 of 2nd period - Leon Draisaitl wins face-off versus Erik Christensen in Flyers zone.
Goals for this period are 1 for Oilers vs 0 for Flyers.
Shots for this period are 11 for Oilers vs 3 for Flyers.
3rd period
0:01 of 3rd period - Jeff Carter wins face-off versus Peter Mueller in neutral zone.
0:04 of 3rd period - Snap shot by Jeff Carter.
0:04 of 3rd period - Goal by Jeff Carter - Oilers : 3 - Flyers : 1.
0:05 of 3rd period - Jeff Carter wins face-off versus Peter Mueller in neutral zone.
0:10 of 3rd period - Snap shot by Jakub Voracek.
0:10 of 3rd period - Shot Misses the Net.
0:12 of 3rd period - Slapshot by Matt Smaby.
0:12 of 3rd period - Shot Misses the Net.
0:44 of 3rd period - Wrist shot by Erik Christensen.
0:44 of 3rd period - Shot Misses the Net.
0:56 of 3rd period - Snap shot by Phil Kessel.
0:56 of 3rd period - Shot Blocked by Jeff Woywitka.
0:58 of 3rd period - Slapshot by Adam Larsson.
0:58 of 3rd period - Stopped by Steve Mason with a rebound.
1:00 of 3rd period - Snap shot by Taylor Hall.
1:00 of 3rd period - Shot Blocked by Niclas Bergfors.
1:02 of 3rd period - Snap shot by Phil Kessel.
1:02 of 3rd period - Shot Blocked by Niclas Bergfors.
1:04 of 3rd period - Snap shot by Taylor Hall.
1:04 of 3rd period - Shot Misses the Net.
1:06 of 3rd period - Slapshot by Adam Larsson.
1:06 of 3rd period - Stopped by Steve Mason with a rebound.
1:08 of 3rd period - Slapshot by Rasmus Ristolainen.
1:08 of 3rd period - Stopped by Steve Mason with a rebound.
1:26 of 3rd period - Slapshot by Jakub Voracek.
1:26 of 3rd period - Stopped by James Reimer with a rebound.
1:28 of 3rd period - Wrist shot by Jeff Carter.
1:28 of 3rd period - Stopped by James Reimer with a rebound.
1:30 of 3rd period - Snap shot by Jeff Carter.
1:30 of 3rd period - Stopped by James Reimer with a rebound.
1:48 of 3rd period - Snap shot by Sean Bergenheim.
1:48 of 3rd period - Stopped by Steve Mason with a rebound.
2:18 of 3rd period - Jordan Nolan is hit by Tobias Enstrom and loses puck.
2:25 of 3rd period - Snap shot by James Neal.
2:25 of 3rd period - Stopped by Steve Mason without a rebound.
2:26 of 3rd period - Jordan Eberle wins face-off versus Jeff Carter in Flyers zone.
2:51 of 3rd period - Peter Mueller is hit by Erik Christensen and loses puck.
2:56 of 3rd period - Slapshot by Erik Christensen.
2:56 of 3rd period - Shot Misses the Net.
3:20 of 3rd period - Wrist shot by Drew Miller.
3:20 of 3rd period - Shot Misses the Net.
3:29 of 3rd period - Phil Kessel is hit by Jakub Voracek and loses puck.
4:09 of 3rd period - Marcus Kruger is hit by James Neal.
5:06 of 3rd period - Wrist shot by Jordan Eberle.
5:06 of 3rd period - Shot Blocked by Brian Lashoff.
5:12 of 3rd period - Minor Penalty to Erik Christensen for Roughing.
5:13 of 3rd period - Connor McDavid wins face-off versus Jeff Carter in Flyers zone.
5:40 of 3rd period - Jakub Voracek is hit by Taylor Hall and loses puck.
7:12 of 3rd period - Penalty to Erik Christensen is over, Erik Christensen is back on ice.
7:25 of 3rd period - Slapshot by Oscar Klefbom.
7:25 of 3rd period - Stopped by Steve Mason without a rebound.
7:26 of 3rd period - Kevin Porter wins face-off versus Jordan Nolan in Flyers zone.
7:31 of 3rd period - Snap shot by Sean Bergenheim.
7:31 of 3rd period - Stopped by Steve Mason without a rebound.
7:32 of 3rd period - Jordan Nolan wins face-off versus Kevin Porter in Flyers zone.
8:29 of 3rd period - Wrist shot by Chris Mcallister.
8:29 of 3rd period - Shot Misses the Net.
8:35 of 3rd period - Phil Kessel is hit by Erik Christensen and loses puck.
8:50 of 3rd period - Marcus Kruger is hit by Connor McDavid and loses puck.
9:03 of 3rd period - Slapshot by Marcus Kruger.
9:03 of 3rd period - Shot Misses the Net.
9:05 of 3rd period - Snap shot by Chris Mcallister.
9:05 of 3rd period - Shot Misses the Net.
9:07 of 3rd period - Wrist shot by Marcus Kruger.
9:07 of 3rd period - Shot Misses the Net.
9:09 of 3rd period - Wrist shot by Erik Christensen.
9:09 of 3rd period - Shot Blocked by Connor McDavid.
9:25 of 3rd period - Snap shot by Chris Mcallister.
9:25 of 3rd period - Stopped by James Reimer without a rebound.
9:26 of 3rd period - Peter Mueller wins face-off versus Jeff Carter in Oilers zone.
9:31 of 3rd period - Slapshot by Oscar Klefbom.
9:31 of 3rd period - Stopped by Steve Mason without a rebound.
9:32 of 3rd period - Jeff Carter wins face-off versus Peter Mueller in Flyers zone.
9:48 of 3rd period - Icing by Jonathan Ericsson.
9:49 of 3rd period - Jeff Carter wins face-off versus Leon Draisaitl in Flyers zone.
10:06 of 3rd period - Slapshot by Jakub Voracek.
10:06 of 3rd period - Stopped by James Reimer with a rebound.
11:02 of 3rd period - Snap shot by Connor McDavid.
11:02 of 3rd period - Shot Misses the Net.
11:04 of 3rd period - Snap shot by Connor McDavid.
11:04 of 3rd period - Shot Blocked by Jeff Woywitka.
11:06 of 3rd period - Slapshot by Rasmus Ristolainen.
11:06 of 3rd period - Shot Blocked by Jeff Woywitka.
11:08 of 3rd period - Snap shot by Riley Sheahan.
11:08 of 3rd period - Shot Blocked by Marcus Kruger.
11:10 of 3rd period - Snap shot by Connor McDavid.
11:10 of 3rd period - Shot Misses the Net.
11:17 of 3rd period - Icing by Jeff Woywitka.
11:18 of 3rd period - Leon Draisaitl wins face-off versus Jordan Nolan in Flyers zone.
11:27 of 3rd period - Wrist shot by Taylor Hall.
11:27 of 3rd period - Stopped by Steve Mason without a rebound.
11:28 of 3rd period - Jeff Carter wins face-off versus Peter Mueller in Flyers zone.
12:37 of 3rd period - Wrist shot by Taylor Hall.
12:37 of 3rd period - Stopped by Steve Mason with a rebound.
12:57 of 3rd period - Wrist shot by Taylor Hall.
12:57 of 3rd period - Stopped by Steve Mason with a rebound.
13:25 of 3rd period - Backhand shot by Jeff Carter.
13:25 of 3rd period - Stopped by James Reimer without a rebound.
13:26 of 3rd period - Peter Mueller wins face-off versus Jordan Nolan in Oilers zone.
13:54 of 3rd period - Minor Penalty to Chris Mcallister for Holding.
13:55 of 3rd period - Connor McDavid wins face-off versus Jeff Carter in Flyers zone.
14:44 of 3rd period - Jeff Carter is hit by Adam Larsson and loses puck.
15:40 of 3rd period - Jakub Voracek is hit by Rasmus Ristolainen and loses puck.
15:54 of 3rd period - Penalty to Chris Mcallister is over, Chris Mcallister is back on ice.
16:17 of 3rd period - Wrist shot by Niclas Bergfors.
16:17 of 3rd period - Stopped by James Reimer without a rebound.
16:18 of 3rd period - Marcus Kruger wins face-off versus Kevin Porter in Oilers zone.
16:23 of 3rd period - Wrist shot by Niclas Bergfors.
16:23 of 3rd period - Stopped by James Reimer with a rebound.
16:25 of 3rd period - Snap shot by Niclas Bergfors.
16:25 of 3rd period - Stopped by James Reimer without a rebound.
16:26 of 3rd period - Kevin Porter wins face-off versus Matthew Lombardi in Oilers zone.
17:06 of 3rd period - Snap shot by Erik Christensen.
17:06 of 3rd period - Stopped by James Reimer without a rebound.
17:07 of 3rd period - Jeff Carter wins face-off versus Connor McDavid in Oilers zone.
17:30 of 3rd period - Minor Penalty to James Neal for Hooking.
17:31 of 3rd period - Kevin Porter wins face-off versus Jeff Carter in Oilers zone.
19:21 of 3rd period - Minor Penalty to Jeff Woywitka for Goalie Interference.
19:22 of 3rd period - Jeff Carter wins face-off versus Sean Bergenheim in Flyers zone.
19:30 of 3rd period - Penalty to James Neal is over, James Neal is back on ice.
19:56 of 3rd period - Wrist shot by Phil Kessel.
19:56 of 3rd period - Stopped by Steve Mason with a rebound.
19:58 of 3rd period - Backhand shot by Leon Draisaitl.
19:58 of 3rd period - Stopped by Steve Mason with a rebound.
Goals for this period are 0 for Oilers vs 1 for Flyers.
Shots for this period are 13 for Oilers vs 11 for Flyers.
Output by the SimonT Hockey Simulator (STHS) for Francois Prevost